AoeStats
← TheJALH

Highland

506545888Analyzed
3v3 RM · 19d ago on Sep 14, 2026· 62m 34s· 6 players
Game mode
Random Map
Map size
Normal (6 player)
Population
200
Speed
Normal
Resources
Standard
Victory
Conquest
Starting age
Dark Age
Ending age
Imperial Age
RankedLock teamsTeams togetherTeam positionsShared explorationLock speedFull tech treeHidden civsTurbo modeCheats
Victory
Defeat
🇦🇷 Chinese · Argentina
698
+12
🇨🇴 Slavs · Colombia
685
+13
🇨🇴 Turks · Colombia
560
+17
🇵🇪 Spanish · Peru
643
-16
🇵🇪 Inca · Peru
611
-14
🇵🇪 Bulgarians · Peru
564
-12
TheJALH
10:35 Feudal Age
22:21 Fishing Lines
24:19 Fishing Lines
29:32 Horse Collar
34:41 Gold Mining
38:01 Castle Age
40:07 Heavy Plow
40:06 Stone Mining
40:53 Gold Shaft Mining
40:34 Thumb Ring
42:13 Wheelbarrow
41:12 Light Cavalry
43:00 Bloodlines
42:55 Husbandry
43:29 Padded Archer Armor
43:54 Hand Cart
44:00 Gillnets
45:07 Stone Shaft Mining
45:21 Scale Barding Armor
47:53 Loom
Oliverio Mayta
12:05 Feudal Age
13:15 Double-Bit Axe
13:03 Champi Runner
14:16 Horse Collar
15:59 Wheelbarrow
17:43 Forging
27:11 Castle Age
26:12 Stone Mining
26:24 Fletching
29:08 Champi Warrior
30:17 Bow Saw
34:17 Hand Cart
34:10 Elite Skirmisher
39:52 Imperial Age
38:25 Iron Casting
37:46 Bodkin Arrow
37:49 Crossbowman
39:41 Thumb Ring
40:00 Heavy Plow
39:57 Gold Mining
40:45 Andean Sling
41:23 Crop Rotation
41:36 Gold Shaft Mining
42:05 Blast Furnace
41:06 Bracer
40:30 Arbalester
40:37 Elite Champi Warrior
43:40 Padded Archer Armor
43:40 Scale Mail Armor
45:10 Chemistry
Dragonso :3
2:17 Loom
14:38 Feudal Age
16:22 Horse Collar
16:31 Double-Bit Axe
18:47 Scale Barding Armor
20:20 Forging
20:56 Wheelbarrow
21:51 Bloodlines
22:41 Fishing Lines
23:17 Town Watch
24:01 Gold Mining
24:05 Stone Mining
28:21 Castle Age
30:33 Bow Saw
31:20 Gillnets
32:05 Husbandry
34:35 Fletching
37:36 Stone Shaft Mining
41:38 Imperial Age
40:02 Hand Cart
40:14 Masonry
42:45 Town Patrol
43:11 Chain Barding Armor
42:47 Bodkin Arrow
44:49 Chemistry
43:41 Guard Tower
44:24 Architecture
43:50 Murder Holes
45:31 Medium Warships
47:26 Two-Man Saw
48:16 Elite Cannon Galleon
51:32 Arrowslits
rolandoalvarez120
12:31 Feudal Age
13:13 Town Watch
13:55 Horse Collar
31:25 Fishing Lines
33:54 Double-Bit Axe
37:32 Wheelbarrow
37:32 Man-at-Arms
38:30 Bloodlines
41:19 Loom
43:53 Arson
44:19 Scale Barding Armor
44:26 Forging
50:15 Scale Mail Armor
54:07 Castle Age
54:48 Gold Mining
54:49 Stone Mining
55:44 Town Patrol
56:00 Hand Cart
55:56 Bow Saw
55:49 Heavy Plow
56:25 Gold Shaft Mining
56:13 Gillnets
56:34 Medium Warships
56:46 Squires
56:07 Long Swordsman
56:23 Demolition Ship
57:32 Husbandry
61:01 Sipahi
Don Wilson さん
8:33 Loom
10:27 Feudal Age
13:30 Double-Bit Axe
14:03 Horse Collar
19:50 Castle Age
18:28 Gold Mining
20:07 Crossbowman
21:03 Bow Saw
24:18 Ballistics
24:02 Fletching
24:13 Padded Archer Armor
29:01 Gold Shaft Mining
31:22 Wheelbarrow
30:32 Town Watch
30:52 Heavy Plow
34:34 Imperial Age
34:09 Thumb Ring
35:26 Hand Cart
35:12 Town Patrol
36:15 Two-Man Saw
36:18 Chemistry
34:41 Arbalester
36:21 Loom
36:46 Stone Mining
39:03 Bodkin Arrow
39:24 Leather Archer Armor
40:40 Rocketry
39:58 Heavy Scorpion
46:16 Bracer
46:46 Ring Archer Armor
59:00 Spies/Treason
60:10 Elite Chu Ko Nu
anfelele
10:31 Feudal Age
13:47 Double-Bit Axe
13:44 Horse Collar
22:06 Forging
22:02 Scale Barding Armor
22:04 Scale Mail Armor
25:50 Castle Age
30:11 Man-at-Arms
30:12 Pikeman
31:39 Long Swordsman
34:40 Squires
34:57 Murder Holes
39:48 Bow Saw
39:40 Heavy Plow
40:42 Caravan
41:44 Wheelbarrow
40:55 Loom
42:17 Iron Casting
41:49 Scale Barding Armor
42:41 Detinets
46:40 Chain Barding Armor
46:37 Chain Mail Armor
63:17 Imperial Age
61:07 Hand Cart
Connection lost

Rejoining the realm…

Still unreachable

The connection could not be restored.

Session expired

The server has moved on; the page needs a fresh start.